 Dungeon Crawl Stone Soup version 0.28.0-53-g5a82cb258f (webtiles) character file.

Game seed: 15889566195951135615

25 worthlessgem the Scratcher (level 2, 0/13 HPs)
             Began as a Felid Transmuter on Aug 23, 2022.
             Slain by a worm (10 damage)
             ... on level 2 of the Dungeon.
             The game lasted 00:08:24 (1803 turns).

worthlessgem the Scratcher (Felid Transmuter)       Turns: 1803, Time: 00:08:25

Health: 0/13       AC:  1    Str:  6    XL:     2   Next: 86%
Magic:  4/6        EV: 17    Int: 14    God:
Gold:   70         SH:  0    Dex: 16    Spells: 4/5 levels left
                                        Lives:  0   Deaths: 0

rFire   . . .      SeeInvis +     - Unarmed
rCold   . . .      Faith    .   (shield unavailable)
rNeg    . . .      Spirit   .   (armour unavailable)
rPois   .          Reflect  .   (helmet unavailable)
rElec   .          Harm     .   (cloak unavailable)
rCorr   .          Rampage  .   (gloves unavailable)
Will    .....                   (boots unavailable)
Stlth   +.........              (no amulet)
HPRegen 0.04/turn               (no ring)
MPRegen 0.10/turn               (no ring)

@: appendages, very slightly contaminated, quick
A: horns 2, very small, claws 1, fangs 3, see invisible, speed 1, shaggy fur 1,
stealthy paws, no weapons or thrown items, no armour, multi-lived
a: End Transformation


You were on level 2 of the Dungeon.
You had temporarily grown beastly horns.
You visited 1 branch of the dungeon, and saw 2 of its levels.

You collected 70 gold pieces.

Inventory:

Missiles
 d - 19 stones
Scrolls
 b - a scroll of identify {unknown}
 c - 3 scrolls of fog {unknown}
Potions
 a - a potion of experience {unknown}
 e - a potion of berserk rage {unknown}


   Skills:
 + Level 2.9 Fighting
 - Level 2.6 Dodging
 - Level 3.0 Unarmed Combat
 - Level 2.0 Spellcasting
 - Level 2.1 Transmutations


You had 4 spell levels left.
You knew the following spells:

 Your Spells              Type           Power      Damage    Failure   Level
a - Beastly Appendage     Tmut           14%        N/A       10%         1

Your spell library contained the following spells:

 Spells                   Type           Power      Damage    Failure   Level
 Wereblood                Tmut           7%         N/A       14%         2
 Spider Form              Tmut/Pois      4%         N/A       41%         3
 Ice Form                 Ice/Tmut       4%         N/A       83%         4


Dungeon Overview and Level Annotations

Branches:
Dungeon (2/15)

Altars:

Shops:
D:2 [


Innate Abilities, Weirdness & Mutations

You have temporarily grown beastly horns.
You have sharp claws.
You have razor-sharp teeth.
You have supernaturally acute eyesight. (SInv)
You cover ground quickly. (Speed+)
You are covered in fur. (AC +1)
Your paws help you pounce on unaware monsters.
You are incapable of wielding weapons or throwing items.
You cannot wear armour.
You gain extra lives every three experience levels.


Message History

Casting: Beastly Appendage (safe; 10% risk of failure)
Confirm with . or Enter, or press ? or * to list all spells.
You grow a pair of large bovine horns.
You scratch the quokka. You bite the quokka.
The quokka is almost dead.
The quokka closely misses you.
You scratch the quokka.
You kill the quokka!
Found Pougyell's Antique Armour Shoppe.
You see here a ball python corpse.
There is an entrance to Pougyell's Antique Armour Shoppe here.
Your transformation is almost over.
You see here a ball python corpse.
There is a stone staircase leading up here.
You see here a quokka corpse.
You see here a quokka corpse.
Found a scroll labelled AJIGHA HODUAL.
Your horns disappear.
A worm comes into view.
A worm is nearby!
Casting: Beastly Appendage (safe; 10% risk of failure)
Confirm with . or Enter, or press ? or * to list all spells.
You miscast Beastly Appendage.
You are very lightly contaminated with residual magic.
Nothing appears to happen.
Casting: Beastly Appendage (safe; 10% risk of failure)
Confirm with . or Enter, or press ? or * to list all spells.
You grow a pair of large bovine horns.
Unknown command.
You barely miss the worm. You headbutt the worm!
The worm is heavily wounded.
The worm bites you.
You barely miss the worm.
The worm is moderately wounded.
You barely miss the worm.
You headbutt the worm, but do no damage.
The worm is moderately wounded.
The worm bites you!
Ouch! That really hurt!
You die...

..###...........#
#. #...........#
#. #...........#
#. #.###########
#. #.# #. #.# #.
#.# #w####.#
#.@....# ########


You could see a worm.

Vanquished Creatures
  A dart slug (D:1)
  2 ball pythons
  An endoplasm (D:1)
  2 giant cockroaches (D:1)
  3 hobgoblins (D:1)
  4 kobolds (D:1)
  4 quokkas
  A frilled lizard (D:1)
  4 rats (D:1)
22 creatures vanquished.

Notes
Turn   | Place    | Note
-------+----------+-------------------------------------------
     0 | D:1      | worthlessgem the Felid Transmuter began the quest for the
                  | Orb.
     0 | D:1      | Reached XP level 1. HP: 9/9 MP: 4/4
   273 | D:1      | Reached XP level 2. HP: 13/13 MP: 4/6
  1772 | D:2      | Found Pougyell's Antique Armour Shoppe.
  1803 | D:2      | Slain by a worm

Illustrated notes

Levels and vault maps discovered:
D:1:      wander_arrival_chamber, layout_basic, hangedman_decor_slide_cut
D:2:      layout_basic, serial_shops, nicolae_shop_crystal,
          basic_ecumenical_altar, basic_altar, minmay_misc_feat_pillars,
          minmay_pentomino_r4

Skill      XL: |  1 |
---------------+----+-----
Fighting       | 2 |  2.9
Dodging        | |  2.6
Unarmed Combat | |  3.0
Spellcasting   | |  2.0
Transmutations | |  2.1

Action                   || total
-------------------------++-------
Melee: Unarmed           ||    65
       Bite              ||     5
       Headbutt          ||     5
 Cast: Beastly Appendage ||    19
 Stab: Sleeping          ||     3
Armor: Skin              ||     2
Dodge: Dodged            ||    34
